AoeStats
← opalmab30

Black Forest

509018446Analyzed
4v4 RM · 8d ago on Sep 25, 2026· 52m 36s· 8 players
Game mode
Random Map
Map size
Large (8 player)
Population
200
Speed
Normal
Resources
Standard
Victory
Conquest
Starting age
Dark Age
Ending age
Imperial Age
RankedLock teamsTeams togetherTeam positionsShared explorationLock speedFull tech treeHidden civsTurbo modeCheats
Victory
Defeat
🇪🇨 Vietnamese · Ecuador
1143
+13
🇨🇱 Britons · Chile
1107
+15
🇨🇳 Goths · China
1090
+15
🇹🇼 Goths · Taiwan
1033
+18
🇺🇸 Bohemians · United States
1134
-18
🇺🇸 Turks · United States
1076
-15
🇺🇸 Vietnamese · United States
1057
-14
🇺🇸 Spanish · United States
1047
-14
GIORK
0:53 Loom
13:16 Feudal Age
13:43 Double-Bit Axe
13:50 Gold Mining
17:50 Stone Mining
18:17 Town Watch
19:42 Horse Collar
25:52 Castle Age
24:19 Fletching
25:13 Padded Archer Armor
26:30 Wheelbarrow
26:46 Bow Saw
27:59 Stone Shaft Mining
27:29 Heavy Plow
27:48 Hand Cart
28:42 Town Patrol
28:50 Caravan
29:35 Bodkin Arrow
29:58 Leather Archer Armor
29:32 Elite Skirmisher
29:33 Crossbowman
38:09 Imperial Age
36:15 Ballistics
36:44 Thumb Ring
38:15 Arbalester
38:27 Sappers
40:59 Two-Man Saw
39:21 Imperial Skirmisher
41:06 Chemistry
41:33 Crop Rotation
41:48 Bracer
42:49 Capped Ram
45:51 Onager
47:56 Ring Archer Armor
46:50 Elite Fire Lancer
agargg2468
0:27 Loom
16:18 Feudal Age
17:46 Double-Bit Axe
24:54 Castle Age
23:54 Man-at-Arms
25:04 Scale Mail Armor
25:14 Forging
25:47 Wheelbarrow
24:53 Horse Collar
25:02 Long Swordsman
26:10 Bow Saw
27:30 Squires
28:09 Chain Mail Armor
30:00 Fishing Lines
31:37 Gold Mining
32:42 Iron Casting
32:29 Hand Cart
33:22 Gillnets
37:15 Imperial Age
37:31 Heavy Plow
37:58 Town Watch
39:20 Blast Furnace
38:37 Guilds
38:28 Caravan
38:48 Stone Mining
38:20 Two-Handed Swordsman
42:09 Town Patrol
42:34 Champion
43:52 Anarchy
44:38 Conscription
45:26 Elite Huskarl
48:30 Perfusion
49:20 Sappers
hhqq
1:47 Loom
10:47 Feudal Age
18:55 Castle Age
17:00 Double-Bit Axe
16:59 Horse Collar
20:09 Bow Saw
24:30 Wheelbarrow
25:30 Heavy Plow
29:57 Imperial Age
27:15 Town Watch
27:41 Gold Mining
27:42 Stone Mining
28:43 Hand Cart
30:26 Scale Mail Armor
30:36 Forging
31:59 Conscription
31:40 Anarchy
31:58 Pikeman
32:39 Squires
32:55 Chain Mail Armor
33:07 Halberdier
34:17 Town Patrol
34:34 Caravan
36:39 Stone Shaft Mining
37:09 Chemistry
37:17 Iron Casting
36:47 Perfusion
38:14 Crop Rotation
38:53 Two-Man Saw
38:30 Coinage
39:33 Blast Furnace
38:23 Man-at-Arms
38:57 Elite Huskarl
39:27 Long Swordsman
40:41 Murder Holes
40:28 Treadmill Crane
41:22 Two-Handed Swordsman
42:10 Scale Barding Armor
41:57 Capped Ram
43:45 Banking
43:25 Guilds
44:49 Champion
50:46 Chain Barding Armor
opalmab30
9:36 Loom
13:19 Feudal Age
17:42 Castle Age
17:48 Double-Bit Axe
19:05 Bow Saw
21:02 Fletching
23:11 Gold Mining
26:57 Wheelbarrow
26:08 Town Watch
28:57 Fishing Lines
29:54 Hand Cart
29:41 Town Patrol
34:37 Imperial Age
33:23 Gold Shaft Mining
32:39 Stone Mining
33:05 Horse Collar
33:24 Elite Skirmisher
33:25 Crossbowman
35:34 Gillnets
36:17 Conscription
35:25 Capped Ram
37:13 Chemistry
36:35 Ballistics
37:10 Arbalester
38:30 Bodkin Arrow
43:49 Padded Archer Armor
43:50 Bracer
TheBarb
6:03 Loom
15:31 Feudal Age
17:55 Horse Collar
18:04 Double-Bit Axe
20:37 Castle Age
22:07 Fervor
22:05 Heavy Plow
22:21 Bow Saw
27:19 Wheelbarrow
26:29 Town Watch
29:58 Caravan
30:30 Coinage
31:01 Forging
30:57 Scale Barding Armor
30:59 Fletching
31:09 Padded Archer Armor
31:10 Scale Mail Armor
31:41 Hand Cart
32:02 Pikeman
32:44 Squires
36:02 Imperial Age
33:37 Bodkin Arrow
33:58 Leather Archer Armor
34:18 Iron Casting
34:05 Chain Barding Armor
36:23 Chemistry
35:45 Ballistics
35:44 Chain Mail Armor
36:09 Town Patrol
36:22 Careening
36:27 Fortified Wall
36:29 Careening
36:18 Murder Holes
36:34 Masonry
36:08 Halberdier
37:34 Houfnice
38:31 Bracer
39:01 Ring Archer Armor
39:33 Blast Furnace
40:39 Plate Mail Armor
40:59 Elite Skirmisher
41:10 Elite Skirmisher
42:18 Guilds
42:39 Banking
42:20 Imperial Skirmisher
Selethen
5:03 Loom
12:16 Feudal Age
21:33 Castle Age
21:42 Wheelbarrow
21:25 Double-Bit Axe
21:23 Horse Collar
22:57 Stone Mining
23:59 Bow Saw
24:59 Hand Cart
24:37 Elite Skirmisher
31:30 Imperial Age
30:22 Fletching
30:33 Padded Archer Armor
30:48 Thumb Ring
31:18 Heavy Plow
31:25 Fishing Lines
32:12 Bodkin Arrow
34:01 Ballistics
33:52 Masonry
33:27 Treadmill Crane
35:00 Siege Engineers
35:56 Chemistry
36:13 Two-Man Saw
35:29 Imperial Skirmisher
42:13 Murder Holes
42:16 Gold Mining
43:36 Paper Money
45:44 Gillnets
47:58 Chatras
48:35 Hoardings
47:53 Onager
KING JAMES
0:29 Loom
18:35 Feudal Age
19:01 Double-Bit Axe
19:37 Fishing Lines
21:06 Gold Mining
23:18 Wheelbarrow
26:04 Castle Age
30:14 Bow Saw
30:54 Horse Collar
32:50 Hand Cart
38:14 Imperial Age
40:47 Fletching
43:05 Town Watch
44:09 Husbandry
44:21 Bloodlines
Iconicslacker69
0:39 Loom
16:27 Feudal Age
18:07 Double-Bit Axe
21:54 Wheelbarrow
24:03 Castle Age
22:43 Wheelbarrow
22:02 Horse Collar
23:34 Stone Mining
24:04 Gold Mining
25:59 Wheelbarrow
26:14 Bow Saw
26:07 Heavy Plow
29:09 Imperial Age
28:32 Gold Shaft Mining
29:40 Medium Warships
32:00 Two-Man Saw
32:41 Fletching
32:47 Elite Cannon Galleon
34:22 Hand Cart
33:53 Town Watch
34:04 Fishing Lines
35:42 Heavy Warships
35:08 Gillnets
36:27 Masonry
36:39 Ballistics
37:55 Conscription
37:42 Caravan
38:49 Town Patrol
39:24 Architecture
38:36 Treadmill Crane
40:42 Hoardings
41:34 Guard Tower
41:55 Fortified Wall
41:45 Murder Holes
43:00 Bodkin Arrow
43:06 Padded Archer Armor
43:19 Forging
44:35 Guilds
44:56 Coinage
45:10 Bracer
45:26 Leather Archer Armor
46:56 Elite Janissary
Connection lost

Rejoining the realm…

Still unreachable

The connection could not be restored.

Session expired

The server has moved on; the page needs a fresh start.